 Dungeon Crawl Stone Soup version 0.20-b1-24-gb21faa7 (webtiles) character file.

131027 Jawreze the Sharpshooter (level 16, -5/141 HPs)
             Began as a Minotaur Berserker on May 21, 2017.
             Was the Champion of Trog.
             Slain by an entropy weaver (17 damage)
             ... on level 1 of the Spider Nest on May 25, 2017.
             The game lasted 01:26:41 (29314 turns).

Jawreze the Sharpshooter (Minotaur Berserker)      Turns: 29314, Time: 01:26:42

Health: -5/141     AC: -13   Str: 33    XL:     16   Next: 24%
Magic:  15/15      EV: 26    Int:  4    God:    Trog [******]
Gold:   1435       SH:  0    Dex: 21    Spells: 15/15 levels left

rFire    + . .     SeeInvis +   N - +13 arbalest of Peril {speed, Fragile rElec rPois rC+}
rCold    + + .     Gourm    .   (shield currently unavailable)
rNeg     . . .     Faith    .   P - +0 swamp dragon scales
rPois    +         Spirit   .   (helmet unavailable)
rElec    +         Reflect  .   U - +0 cloak
rCorr    +         Harm     .   u - +0 pair of gloves
MR       ++...                  (no boots)
Stlth    +.........             (no amulet)
Regen    0.4/turn               X - +5 ring of strength
MPRegen  0.2/turn               T - ring of see invisible

@: confused, mighty, agile, resistant, corroded
A: retaliatory headbutt, horns 3, magic resistance 1, wild magic 1
}: 1/15 runes: decaying
a: Berserk, Trog's Hand, Brothers in Arms, Burn Spellbooks, Renounce Religion


You were on level 1 of the Spider Nest.
You worshipped Trog.
Trog was exalted by your worship.
You were hungry.

You visited 4 branches of the dungeon, and saw 22 of its levels.

You collected 1435 gold pieces.

Inventory:

Hand Weapons
 F - a +3 great sword of slicing
 J - a +5 scimitar of flaming
 N - the +13 arbalest of Peril (weapon) {speed, Fragile rElec rPois rC+}
   (Trog gifted it to you on level 2 of the Swamp)

   Attacks with this weapon are significantly faster.
   It protects you from cold.
   It insulates you from electricity.
   It protects you from poison.
   It will be destroyed if unequipped.
 W - the +10 arbalest "Ojoufuxt" {venom, rN+ Str+3 Int+4 SInv}
   (Trog gifted it to you on level 11 of the Dungeon)

   It poisons the ammo it fires.
   It affects your strength (+3).
   It affects your intelligence (+4).
   It protects you from negative energy.
   It lets you see invisible.
Missiles
 o - 598 stones (quivered)
 q - 201 sling bullets
Armour
 u - a +0 pair of gloves (worn)
 v - a cursed +0 shield
 M - a +6 plate armour of ponderousness
 P - +0 swamp dragon scales (worn)
 U - a +0 cloak (worn)
Jewellery
 K - an uncursed ring of fire {unknown}
 Q - an uncursed ring of stealth
 T - a ring of see invisible (right hand)
 V - an uncursed ring of resist corrosion
 X - a +5 ring of strength (left hand)
 Y - an uncursed amulet of regeneration {unknown}
 Z - an uncursed ring of poison resistance {unknown}
Scrolls
 d - 15 scrolls of identify
 i - 2 scrolls of enchant weapon
 j - a scroll of enchant armour
 k - 5 scrolls of amnesia
 n - 8 scrolls of remove curse
 r - a scroll of vulnerability
 s - 13 scrolls of teleportation
 y - 7 scrolls of magic mapping
 C - 2 scrolls of recharging
 E - 3 scrolls of random uselessness
 H - a scroll of fear
 I - 3 scrolls of blinking
 L - 3 scrolls of immolation
Potions
 e - a potion of resistance
 l - a potion of berserk rage {unknown}
 m - 3 potions of ambrosia
 p - a potion of invisibility {unknown}
 t - a potion of brilliance {unknown}
 w - 5 potions of lignification
 x - 8 potions of curing
 z - 2 potions of experience {unknown}
 A - 4 potions of agility
 B - a potion of cancellation
 G - 4 potions of flight
 O - a potion of magic {unknown}
 R - 2 potions of haste {unknown}
Miscellaneous
 a - a lamp of fire
 S - a phial of floods
Comestibles
 c - 13 bread rations
 g - 15 royal jellies
 h - 4 meat rations
 D - 26 fruits


   Skills:
 + Level 12.6 Fighting
 - Level 15.5 Long Blades
   Level 3.1 Slings
 * Level 19.4 Crossbows
 - Level 13.4 Armour
 + Level 11.4 Dodging


You had 15 spell levels left.
You didn't know any spells.

Dungeon Overview and Level Annotations

Branches:
Dungeon (11/15)            Temple (0/1) D:5            Lair (6/6) D:11
  Swamp (4/4) Lair:3       Spider (1/4) Lair:4        Slime (0/5) Lair:6
    Orc: D:9-12

Altars:
Ashenzari
Cheibriados
Dithmenos
Hepliaklqana
Kikubaaqudgha
Makhleb
Qazlal
Ru
Sif Muna
Trog
Xom
Yredelemnul
The Shining One
Jiyva

Shops:
D:9 :

Annotations:
D:8 exclusions: obsidian statue and orange crystal statue


Innate Abilities, Weirdness & Mutations

You reflexively headbutt those who attack you in melee.
You have a pair of large horns on your head.
You are resistant to hostile enchantments. (MR+)
Your spells are a little harder to cast, but a little more powerful.


Message History

The entropic weave corrodes you! The soldier ant misses you.
Throwing (i - inventory):
o - 600 stones (quivered)
Press: ? - help, Shift-Dir - straight line, f/p - entropy weaver
Aim: an entropy weaver You throw a stone.
The stone hits the entropy weaver but does no damage.
The entropy weaver casts a spell.
The entropic weave corrodes you! The soldier ant misses you.
Throwing (i - inventory):
o - 599 stones (quivered)
Press: ? - help, Shift-Dir - straight line, f/p - entropy weaver
Aim: an entropy weaver You throw a stone.
The entropy weaver completely misses you.
The entropy weaver closely misses you. The entropy weaver hits you!
* * * LOW HITPOINT WARNING * * *
The entropy weaver closely misses you. The soldier ant misses you.
The entropy weaver hits you!
* * * LOW HITPOINT WARNING * * *
The entropy weaver misses you. The entropy weaver hits you!
You die...

#((a# ##.>#.....# #((.#
#...#.....## #(### ##..#......#
#(# ####^......≈## #.#
###........≈≈≈≈≈ ####(##
#≈##.....##≈#≈≈.
##..#..###≈.#.....#.#.###
###....#.a##..##....#.....≈ ###
#.....##(a@#...#≈...#....≈# ##.##
#......#........#...#..#≈#.
≈...####....##≈##.....#...#..#.#.
....#.##...##≈..##........#..#...
......>....##≈...#........#..#...
.#...........#...≈≈....(...^.....
#######......#....########.......
#...........#...>.......###.....
###..............................


You could see an entropy weaver and a soldier ant.

Vanquished Creatures
  Nikola (Spider:1)
  A thorn hunter (Swamp:3)
  Donald (Swamp:2)
  An entropy weaver (Spider:1)
  Snorg (Lair:6)
  29 hydras
  11 alligators
  Erica (D:8)
  2 ghost crabs
  2 two-headed ogres
  The ghost of alfred1011 the Archer, a novice CeHu of Makhleb (D:10)
  8 death yaks
  Nergalle (D:10)
  A spriggan druid (Swamp:4)
  4 shambling mangroves
  14 swamp dragons
  An orb spider (Spider:1)
  The ghost of Jawreze the Slinger, a novice KoHu of Nemelex Xobeh (D:7)
  3 wolf spiders
  An oklob plant (Lair:1)
  2 ugly things (D:11)
  A cyclops (D:11)
  9 elephants
  A manticore (D:11)
  A guardian serpent (Lair:6)
  10 black mambas
  18 spiny frogs
  A rime drake (Lair:6)
  9 komodo dragons
  A demonic crawler (Spider:1)
  A queen bee (Lair:2)
  7 tyrant leeches
  3 polar bears (Lair:4)
  5 jumping spiders
  11 hornets
  8 bog bodies
  4 dream sheep (Lair:6)
  13 blink frogs
  16 slime creatures
  9 hippogriffs
  2 tarantellas (Spider:1)
  A spriggan (Swamp:1)
  2 shadows
  13 redbacks
  12 wyverns
  3 fire bats (Lair:4)
  32 yaks
  A basilisk (Lair:6)
  22 vampire mosquitoes
  3 hungry ghosts
  19 swamp worms
  9 insubstantial wisps
  3 wargs (D:11)
  16 soldier ants
  An acid dragon (D:11)
  2 orc warriors
  18 water moccasins
  19 swamp drakes
  7 porcupines
  2 black bears
  2 ice beasts
  4 phantoms
  A necrophage (D:5)
  2 ogres
  11 centaurs
  15 wolves
  4 big kobolds
  15 crocodiles
  15 bullfrogs
  A wyvern skeleton (D:6)
  2 scorpions
  27 killer bees
  11 electric eels
  6 crimson imps
  A centaur zombie (D:10)
  A bullfrog zombie (D:6)
  6 hounds
  7 orc priests
  A gnoll shaman (D:8)
  2 jellies
  6 orc wizards
  4 centaur skeletons
  4 bullfrog skeletons
  4 iguanas
  19 worker ants
  A hound zombie (D:7)
  A howler monkey skeleton (D:6)
  13 adders
  10 gnolls
  4 shadow imps
  An ooze (D:4)
  2 worms
  3 dart slugs
  10 leopard geckos
  23 orcs
  5 giant cockroaches
  7 goblins
  13 hobgoblins
  A jackal (D:2)
  28 kobolds
  11 quokkas
  2 ball pythons (D:2)
  7 bats
  4 frilled lizards
  A jackal zombie (D:7)
  10 rats
  2 plants
732 creatures vanquished.

Vanquished Creatures (collateral kills)
  8 killer bees (Lair:2)
8 creatures vanquished.

Vanquished Creatures (others)
  An alligator (Swamp:2)
  An orc (D:11)
  11 fungi
  10 plants
23 creatures vanquished.

Grand Total: 763 creatures vanquished

Notes
Turn   | Place    | Note
-------+----------+-------------------------------------------
     0 | D:1      | Jawreze the Minotaur Berserker began the quest for the Orb.
     0 | D:1      | Reached XP level 1. HP: 19/19 MP: 0/0
   152 | D:1      | Reached XP level 2. HP: 27/27 MP: 1/1
   591 | D:2      | Found a stormy altar of Qazlal.
   604 | D:2      | Reached XP level 3. HP: 20/33 MP: 2/2
   786 | D:2      | Reached skill level 5 in Long Blades
   857 | D:2      | Reached ** piety under Trog
   889 | D:2      | Found a hazy altar of Hepliaklqana.
   896 | D:2      | Found a sacrificial altar of Ru.
   901 | D:2      | Found a bloodstained altar of Trog.
   909 | D:2      | Found a deep blue altar of Sif Muna.
   914 | D:2      | Found a snail-covered altar of Cheibriados.
   925 | D:2      | Found a shadowy altar of Dithmenos.
   932 | D:2      | Found a glowing golden altar of the Shining One.
  1232 | D:2      | Reached XP level 4. HP: 37/40 MP: 3/3
  1725 | D:3      | Noticed a big kobold
  1742 | D:3      | Killed a big kobold
  1742 | D:3      | Reached XP level 5. HP: 40/46 MP: 4/4
  1957 | D:3      | Reached *** piety under Trog
  2127 | D:3      | Noticed a hippogriff
  2134 | D:3      | HP: 2/46 [hippogriff (1)]
  2162 | D:3      | HP: 2/69 [hippogriff (7)]
  2164 | D:3      | Killed a hippogriff
  2164 | D:3      | Reached XP level 6. HP: 3/52 MP: 5/5
  2955 | D:3      | Found a shimmering altar of Xom.
  2955 | D:3      | Found a burning altar of Makhleb.
  3076 | D:3      | Reached XP level 7. HP: 51/58 MP: 6/6
  3501 | D:4      | Reached skill level 10 in Long Blades
  4415 | D:5      | Entered Level 5 of the Dungeon
  4451 | D:5      | Reached XP level 8. HP: 61/66 MP: 7/7
  4479 | D:5      | Found a staircase to the Ecumenical Temple.
  5072 | D:6      | Reached **** piety under Trog
  5824 | D:6      | Found a burning altar of Makhleb.
  6061 | D:7      | Noticed Jawreze's ghost (novice KoHu)
  6076 | D:7      | Killed Jawreze's ghost
  6076 | D:7      | Reached XP level 9. HP: 71/71 MP: 8/8
  7316 | D:8      | Noticed Erica
  7342 | D:8      | Killed Erica
  7342 | D:8      | Reached skill level 15 in Long Blades
  7665 | D:8      | Noticed an obsidian statue
  7684 | D:8      | Reached skill level 1 in Slings
  7923 | D:8      | Noticed an orange crystal statue
  8112 | D:9      | Reached XP level 10. HP: 50/80 MP: 9/9
  8263 | D:9      | Found an ancient bone altar of Kikubaaqudgha.
  8344 | D:9      | Reached skill level 5 in Fighting
  8825 | D:9      | Received a gift from Trog
  8886 | D:9      | Found a shattered altar of Ashenzari.
  8969 | D:9      | Found Palucronk's Book Shop.
  9126 | D:10     | Entered Level 10 of the Dungeon
  9135 | D:10     | Reached skill level 1 in Crossbows
  9140 | D:10     | Reached ***** piety under Trog
  9179 | D:10     | Noticed alfred1011's ghost (novice CeHu)
  9462 | D:9      | Gained mutation: You evolve. [potion of mutation]
  9462 | D:9      | Gained mutation: Your spells are a little harder to cast, but a little more powerful. [potion of mutation]
  9568 | D:9      | Reached skill level 2 in Crossbows
  9911 | D:10     | Killed alfred1011's ghost
  9911 | D:10     | Reached skill level 3 in Crossbows
  9934 | D:10     | Reached skill level 5 in Armour
 10626 | D:10     | Noticed a two-headed ogre
 10635 | D:10     | Killed a two-headed ogre
 10635 | D:10     | Reached skill level 4 in Crossbows
 10635 | D:10     | Reached skill level 5 in Dodging
 10636 | D:10     | Upgraded the game from 0.20-b1-2-gc5a9893 to 0.20-b1-24-gb21faa7
 10933 | D:10     | Received a gift from Trog
 11324 | D:10     | Gained mutation: You are resistant to hostile enchantments. (MR+) [evolution]
 11370 | D:10     | Reached skill level 5 in Crossbows
 11456 | D:10     | Noticed Nergalle
 11474 | D:10     | Killed Nergalle
 12041 | D:11     | Noticed a purple ugly thing
 12043 | D:11     | Noticed a manticore
 12053 | D:10     | Reached XP level 11. HP: 91/91 MP: 10/10
 12244 | D:11     | Found a staircase to the Lair.
 12267 | D:11     | Reached skill level 6 in Crossbows
 12479 | D:11     | Killed a purple ugly thing
 12563 | D:11     | Noticed a two-headed ogre
 12578 | D:11     | Killed a two-headed ogre
 12633 | D:11     | Reached skill level 7 in Crossbows
 13909 | D:11     | Received a gift from Trog
 13918 | D:11     | Got a shimmering arbalest {god gift}
 13921 | D:11     | Identified the +10 arbalest "Ojoufuxt" {venom, rN+ Str+3 Int+4 SInv} (Trog gifted it to you on level 11 of the Dungeon)
 14396 | D:11     | Noticed a green ugly thing
 14398 | D:11     | Killed a green ugly thing
 14398 | D:11     | Reached skill level 8 in Crossbows
 14513 | Lair:1   | Entered Level 1 of the Lair of Beasts
 15000 | Lair:1   | Reached XP level 12. HP: 103/103 MP: 11/11
 15132 | Lair:1   | Reached skill level 9 in Crossbows
 16080 | Lair:2   | Gained mutation: You have a pair of large horns on your head. [evolution]
 16080 | Lair:2   | Lost mutation: You evolve. [end of evolution]
 16110 | Lair:2   | Noticed a death yak
 16111 | Lair:2   | Noticed a death yak
 16113 | Lair:2   | Noticed a death yak
 16124 | Lair:2   | Killed a death yak
 16128 | Lair:2   | Noticed a death yak
 16139 | Lair:2   | Killed a death yak
 16139 | Lair:2   | Reached skill level 10 in Crossbows
 16164 | Lair:2   | Killed a death yak
 16165 | Lair:2   | Noticed a death yak
 16223 | Lair:2   | Killed a death yak
 16225 | Lair:2   | Killed a death yak
 16355 | Lair:2   | Reached skill level 11 in Crossbows
 16357 | Lair:2   | Noticed a six-headed hydra
 16365 | Lair:2   | Killed a four-headed hydra
 16365 | Lair:2   | Reached skill level 10 in Armour
 16380 | Lair:2   | Received a gift from Trog
 16752 | Lair:2   | Reached skill level 12 in Crossbows
 17785 | Lair:3   | Found a staircase to the Swamp.
 17875 | Lair:3   | Noticed a seven-headed hydra
 17890 | Lair:3   | Killed a five-headed hydra
 17890 | Lair:3   | Reached XP level 13. HP: 83/108 MP: 12/12
 18650 | Lair:4   | Found a dark tunnel.
 18689 | Lair:4   | Reached skill level 13 in Crossbows
 18894 | Lair:4   | Found a hole to the Spider Nest.
 19108 | Lair:4   | Received a gift from Trog
 19570 | Lair:4   | Identified the Almanac of Sinister Translocation
 20061 | Lair:5   | Reached skill level 14 in Crossbows
 20788 | Lair:6   | Entered Level 6 of the Lair of Beasts
 20788 | Lair:6   | Found a viscous altar of Jiyva.
 20788 | Lair:6   | Found a staircase to the Slime Pits.
 21102 | Lair:6   | Reached skill level 15 in Crossbows
 21487 | Lair:6   | Reached XP level 14. HP: 116/116 MP: 13/13
 21569 | Lair:6   | Received a gift from Trog
 21648 | Lair:6   | Noticed Snorg
 21656 | Lair:6   | Killed Snorg
 21876 | Lair:6   | Received a gift from Trog
 22399 | Lair:6   | Reached skill level 16 in Crossbows
 22605 | Swamp:1  | Entered Level 1 of the Swamp
 23167 | Swamp:1  | Received a gift from Trog
 24431 | Swamp:2  | Received a gift from Trog
 24578 | Swamp:2  | Reached skill level 17 in Crossbows
 24839 | Swamp:2  | Noticed Donald
 24862 | Swamp:2  | Killed Donald
 24862 | Swamp:2  | Reached skill level 10 in Fighting
 25632 | Swamp:3  | Paralysed by a hornet for 3 turns
 26148 | Swamp:2  | Received a gift from Trog
 26148 | Swamp:2  | Reached XP level 15. HP: 88/127 MP: 14/14
 26154 | Swamp:2  | Got a pitted arbalest {god gift}
 26155 | Swamp:2  | Identified the +13 arbalest of Peril {speed, Fragile rElec rPois rC+} (Trog gifted it to you on level 2 of the Swamp)
 26664 | Swamp:3  | Reached skill level 10 in Dodging
 26844 | Swamp:3  | Reached skill level 18 in Crossbows
 26853 | Swamp:3  | Found a basalt altar of Yredelemnul.
 27287 | Swamp:3  | Noticed a thorn hunter
 27291 | Swamp:3  | Killed a thorn hunter
 27297 | Swamp:4  | Entered Level 4 of the Swamp
 27525 | Swamp:4  | Received a gift from Trog
 27551 | Swamp:4  | Reached ****** piety under Trog
 27858 | Swamp:4  | Got a decaying rune of Zot
 28142 | Swamp:4  | Reached skill level 19 in Crossbows
 28276 | Swamp:4  | Reached XP level 16. HP: 139/139 MP: 15/15
 28695 | Spider:1 | Entered Level 1 of the Spider Nest
 28814 | Spider:1 | Noticed Nikola
 28823 | Spider:1 | Killed Nikola
 29258 | Spider:1 | Received a gift from Trog
 29314 | Spider:1 | Slain by an entropy weaver

Skill      XL: |  1  2  3  4  5  6  7  8  9 10 11 12 13 14 15 |
---------------+----------------------------------------------+-----
Long Blades    | 4 5 7 8 9 11 14 15 | 15.5
Fighting       | 4 6 8 10 12 | 12.6
Slings         | 2 3 |  3.1
Dodging        | 3 5 7 9 11 | 11.4
Armour         | 3 6 8 10 12 13 | 13.4
Crossbows      | 5 8 12 15 17 19 | 19.4

Action                   |  1- 3 |  4- 6 |  7- 9 | 10-12 | 13-15 | 16-18 || total
-------------------------+-------+-------+-------+-------+-------+-------++-------
Melee: Falchion          |    79 |   120 |   216 |       |       |       ||   415
       Headbutt          |    14 |    14 |    65 |    63 |    20 |       ||   176
       Scimitar          |       |       |    52 |   276 |    80 |       ||   408
 Fire: Hunting sling     |       |       |    28 |       |       |       ||    28
       Hand crossbow     |       |       |       |   125 |       |       ||   125
       Arbalest          |       |       |       |   176 |   780 |   113 ||  1069
Throw: Stone             |       |       |       |       |       |    14 ||    14
Invok: Berserk           |       |     2 |     1 |     9 |     4 |       ||    16
       Burn Spellbooks   |       |       |       |     3 |     1 |       ||     4
       Brothers in Arms  |       |       |       |     2 |       |       ||     2
Evoke: Wand              |       |       |     5 |     8 |       |       ||    13
       Phial of floods   |       |       |       |     1 |       |       ||     1
  Use: Scroll            |       |       |       |    10 |    17 |       ||    27
       Potion            |       |       |       |     5 |     5 |     4 ||    14
 Stab: Sleeping          |       |       |     1 |       |       |       ||     1
       Confused          |       |       |     3 |       |       |       ||     3
  Eat: Chunk             |     1 |     8 |    12 |    19 |    17 |     4 ||    61
       Meat ration       |       |       |     1 |     4 |     2 |       ||     7
       Royal jelly       |       |       |       |       |     4 |       ||     4
Armor: Leather armour    |    17 |    19 |    59 |    95 |    56 |       ||   246
       Swamp dragon scal |       |       |       |       |    49 |    11 ||    60
       Plate armour      |       |       |       |       |     4 |       ||     4
Dodge: Dodged            |    56 |    62 |   108 |   291 |   248 |    30 ||   795
       Rpst.: Falchion   |    17 |    12 |    19 |       |       |       ||    48
       Scimitar          |       |       |    10 |    41 |     8 |       ||    59
